 Dungeon Crawl Stone Soup version 0.29.0-15-g675c0067aa (webtiles) character file.

Game seed: 16879042569531635823

172 runemasterragnar the Ruffian (level 5, 0/42 HPs)
             Began as a Draconian Transmuter on Sept 11, 2022.
             Was a Follower of Okawaru.
             Slain by a dart slug (1 damage)
             ... on level 4 of the Dungeon.
             The game lasted 00:03:56 (2893 turns).

runemasterragnar the Ruffian (Draconian Transmuter) Turns: 2893, Time: 00:03:56

Health: 0/42       AC:  5    Str: 12    XL:     5   Next: 27%
Magic:  7/8        EV: 12    Int: 14    God:    Okawaru [*.....]
Gold:   133        SH:  0    Dex: 11    Spells: 8/9 levels left

rFire   . . .      SeeInvis .     - Unarmed
rCold   . . .      Faith    .   (no shield)
rNeg    + . .      Spirit   .   (body armour unavailable)
rPois   .          Reflect  .   (helmet currently unavailable)
rElec   .          Harm     .   (no cloak)
rCorr   .          Rampage  .   (no gloves)
Will    .....                   (boots currently unavailable)
Stlth   +.........              (no amulet)
HPRegen 0.14/turn               e - ring of positive energy
MPRegen 0.11/turn               (no ring)

@: lethally poisoned (0 -> -12), appendages
A: horns 2, talons 2, AC +5, unfitting armour, cold-blooded, weak 1
a: End Transformation, Renounce Religion, Heroism


You were on level 4 of the Dungeon.
You worshipped Okawaru.
Okawaru was aware of your devotion.
You had temporarily grown beastly horns and talons.
You visited 1 branch of the dungeon, and saw 4 of its levels.

You collected 133 gold pieces.

Inventory:

Magical Staves
 n - a staff of death
Jewellery
 e - a ring of positive energy (left hand)
 i - a ring of protection from cold
Scrolls
 f - a scroll of fear {unknown}
 h - a scroll of enchant weapon {unknown}
 o - a scroll of vulnerability
Potions
 a - 2 potions of lignification
 d - a potion of attraction
 g - a potion of might
 m - a potion of magic {unknown}


   Skills:
 * Level 2.6 Fighting
 + Level 2.4 Dodging
 * Level 3.8 Unarmed Combat
 + Level 2.6 Spellcasting
 + Level 3.0 Transmutations
 + Level 1.4 Invocations


You had 8 spell levels left.
You knew the following spells:

 Your Spells              Type           Power      Damage    Failure   Level
a - Beastly Appendage     Tmut           20%        N/A       6%          1

Your spell library contained the following spells:

 Spells                   Type           Power      Damage    Failure   Level
 Wereblood                Tmut           10%        N/A       10%         2
 Apportation              Tloc           2%         N/A       22%         1
 Necrotise                Necr           4%         1d4       22%         1
 Spider Form              Tmut/Pois      6%         N/A       34%         3
 Ice Form                 Ice/Tmut       6%         N/A       75%         4
 Summon Small Mammal      Summ           Unusable   N/A       N/A         1

Dungeon Overview and Level Annotations

Branches:
Dungeon (4/15)
 Temple: D:4-7

Altars:
Okawaru
Sif Muna


Innate Abilities, Weirdness & Mutations

You have temporarily grown beastly horns and talons.
Your plain brown scales are hard. (AC +5)
You cannot fit into any form of body armour.
You are cold-blooded and may be slowed by cold attacks.
You are weak. (Str -2)


Message History

You feel sick. The scorpion barely misses you. The dart slug barely misses you.
You hit the dart slug.
The dart slug is lightly wounded.
You feel sick. The scorpion stings you!
You are more poisoned.
The scorpion poisons you!
You hit the dart slug but do no damage.
The dart slug is lightly wounded.
You feel very sick. The scorpion misses you.
The dart slug bites you but does no damage.
You feel better. The scorpion stings you. The scorpion misses you.
The dart slug closely misses you.
Casting: Beastly Appendage (safe; 6% risk of failure)
Confirm with . or Enter, or press ? or * to list all spells.
You grow a pair of large bovine horns.
Your feet morph into talons.
The scorpion stings you.
You hit the scorpion. You tail-slap the scorpion.
The scorpion is severely wounded.
The dart slug launches a dart at you.
The slug dart hits you but does no damage.
The scorpion stings you.
* * * LOW HITPOINT WARNING * * *
You are lethally poisoned!
The scorpion poisons you!
You barely miss the scorpion. Your kick misses the scorpion.
Your headbutt misses the scorpion.
The scorpion is severely wounded.
* * * LOW HITPOINT WARNING * * *
You feel sick. The scorpion stings you.
* * * LOW HITPOINT WARNING * * *
You are more poisoned.
The scorpion poisons you!
Unknown command.
It was a potion of mutation.
You feel extremely strange.
You feel weaker.
* * * LOW HITPOINT WARNING * * *
You feel very sick. The dart slug bites you.
You die...

## .## .#.######
##..###
........#####.....#
#.....##.....#
##.##..#.....#
#.###..ws...#
#.(####@....# ##.##
#.....#
#..######### ##..#
##.# #.## #..#####
##.....# ####..#


You could see a scorpion and a dart slug.

Vanquished Creatures
  2 orc priests (D:3)
  3 gnolls (D:3)
  An adder (D:3)
  4 dart slugs
  4 orcs (D:3)
  12 endoplasms
  A giant cockroach (D:2)
  A goblin (D:1)
  5 hobgoblins
  3 jackals (D:2)
  3 quokkas
  7 ball pythons
  3 bats
  2 frilled lizards
  5 kobolds
  8 rats
64 creatures vanquished.

Notes
Turn   | Place    | Note
-------+----------+-------------------------------------------
     0 | D:1      | runemasterragnar the Draconian Transmuter began the quest
                  | for the Orb.
     0 | D:1      | Reached XP level 1. HP: 16/16 MP: 3/3
   216 | D:1      | Reached XP level 2. HP: 23/23 MP: 3/5
   316 | D:1      | Found a faded altar of an unknown god.
   353 | D:1      | Prayed at the altar of an unknown god.
   353 | D:1      | Became a worshipper of Warmaster Okawaru
   353 | D:1      | Reached * piety under Okawaru
   738 | D:1      | Reached XP level 3. HP: 28/28 MP: 4/6
  1811 | D:3      | Reached XP level 4. HP: 36/36 MP: 7/7
  1814 | D:3      | Reached skill level 1 in Invocations
  2147 | D:3      | Reached XP level 5. HP: 38/42 MP: 6/8
  2192 | D:3      | Reached ** piety under Okawaru
  2390 | D:3      | Found a shimmering blue altar of Sif Muna.
  2893 | D:4      | Gained mutation: You are weak. (Str -2) [potion of
                  | mutation]
  2893 | D:4      | HP: 1/42 [poisoned by a scorpion]
  2893 | D:4      | Slain by a dart slug

Illustrated notes

Levels and vault maps discovered:
D:1:      lightli_arrival_boilingwater, layout_rooms,
          dreamdust_ecumenical_altar_grove
D:2:      layout_rooms, lightli_corner_chamber
D:3:      layout_basic, mainiacjoe_overflow_brackets
D:4:      layout_rooms, minmay_temple_entry_mist, enter_ossuary_4

Skill      XL: |  1  2  3  4  5 |
---------------+----------------+-----
Dodging        | 2 |  2.4
Fighting       | 2 |  2.6
Invocations    | 1 |  1.4
Transmutations | 3 |  3.0
Unarmed Combat | |  3.8
Spellcasting   | |  2.6

Action                   |  1- 3 |  4- 6 || total
-------------------------+-------+-------++-------
Melee: Unarmed           |   119 |    53 ||   172
       Kick              |    35 |     8 ||    43
       Headbutt          |     8 |     6 ||    14
       Punch             |     3 |       ||     3
       Tailslap          |     8 |     8 ||    16
 Cast: Beastly Appendage |    35 |     9 ||    44
  Use: Potion            |     1 |     5 ||     6
       Scroll            |       |     5 ||     5
Armor: Skin              |    31 |    16 ||    47
Dodge: Dodged            |    68 |    42 ||   110
